 Dungeon Crawl Stone Soup version 0.29-a0-398-ge13fd1374b (webtiles) character file.

Game seed: 13788332146768039965

5714 sammy202020 the Fighter (level 10, -6/94 HPs)
             Began as a Minotaur Fighter on May 13, 2022.
             Was a Believer of Trog.
             Mangled by a yak (12 damage)
             ... on level 10 of the Dungeon.
             The game lasted 00:11:43 (6012 turns).

sammy202020 the Fighter (Minotaur Fighter)          Turns: 6012, Time: 00:11:44

Health: -6/94      AC:  4    Str: 22    XL:     10   Next: 48%
Magic:  9/9        EV: 15    Int:  9    God:    Trog [**....]
Gold:   321        SH:  6    Dex: 17    Spells: 9/9 levels left

rFire   + + +      SeeInvis .   a - +1 war axe
rCold   + . .      Faith    .   c - +0 buckler
rNeg    . . .      Spirit   .   C - +5 robe of the Distant Future {rF++ Dex+2}
rPois   +          Reflect  .   (helmet restricted)
rElec   +          Harm     .   m - +2 cloak
rCorr   +          Rampage  .   (no gloves)
Will    .....                   s - +0 pair of boots
Stlth   ++........              r - amulet of regeneration
HPRegen 1.05/turn               u - +6 ring of dexterity
MPRegen 0.11/turn               (no ring)

@: resistant, corroded, on berserk cooldown, slowed, very slow
A: horns 2, retaliatory headbutt
a: Renounce Religion, Berserk, Trog's Hand


You were on level 10 of the Dungeon.
You worshipped Trog.
Trog was pleased with you.
You visited 2 branches of the dungeon, and saw 9 of its levels.

You collected 465 gold pieces.
You spent 144 gold pieces at shops.

Inventory:

Hand Weapons
 a - a +1 war axe (weapon)
 h - a +2 mace of protection
 v - the +5 hand axe "Woluitsu" {freeze, rF- Will- Int+9 Dex+3}
   (You bought it in a shop on level 4 of the Dungeon)

   It freezes those it strikes, dealing additional cold damage.
   It can also slow down cold-blooded creatures.
   Int:       It affects your intelligence (+9).
   Dex:       It affects your dexterity (+3).
   rF:        It makes you vulnerable to fire.
   Will:      It decreases your willpower.
 D - a +0 flail
Missiles
 w - 4 javelins (quivered)
 B - 4 boomerangs
Armour
 c - a +0 buckler (worn)
 m - a +2 cloak (worn)
 p - a +0 chain mail
 s - a +0 pair of boots (worn)
 C - the +5 robe of the Distant Future (worn) {rF++ Dex+2}
   (You found it on level 6 of the Dungeon)

   Dex:       It affects your dexterity (+2).
   rF:        It greatly protects you from fire.
Jewellery
 i - a ring of ice
 k - a ring of positive energy
 r - an amulet of regeneration (around neck)
 u - a +6 ring of dexterity (left hand)
Wands
 y - a wand of flame (24)
Scrolls
 j - 7 scrolls of teleportation
 n - 3 scrolls of enchant weapon
 o - a scroll of vulnerability
 q - a scroll of blinking
 E - a scroll of magic mapping {unknown}
Potions
 b - 2 potions of magic {unknown}
 d - a potion of might
 e - 2 potions of curing
 f - 2 potions of brilliance
 g - 2 potions of resistance
 l - a potion of cancellation {unknown}
 t - a potion of lignification {unknown}
 x - 3 potions of heal wounds {unknown}
 z - a potion of attraction {unknown}
 A - 3 potions of mutation {unknown}


   Skills:
 * Level 10.7 Fighting
 * Level 10.4 Axes
 + Level 8.0 Armour
 + Level 6.3 Dodging
 + Level 8.1 Shields


You had 9 spell levels left.
You didn't know any spells.
Your spell library contained the following spells:

 Spells                   Type           Power      Damage    Failure   Level
 Magic Dart               Conj           0%         1d3       45%         1
 Sandblast                Erth           0%         2d4       45%         1
 Shock                    Conj/Air       0%         1d3       45%         1
 Sting                    Tmut/Pois      0%         1d3       45%         1
 Summon Small Mammal      Summ           0%         N/A       45%         1
 Call Imp                 Summ           0%         N/A       58%         2
 Passwall                 Tmut/Erth      0%         N/A       58%         2
 Searing Ray              Conj           0%         2d4       58%         2
 Sublimation of Blood     Necr           0%         N/A       58%         2
 Wereblood                Tmut           0%         N/A       58%         2
 Call Canine Familiar     Summ           0%         N/A       83%         3
 Mephitic Cloud           Conj/Pois/Air  0%         N/A       83%         3
 Stone Arrow              Conj/Erth      0%         3d7       83%         3
 Summon Guardian Golem    Hex/Summ       0%         N/A       83%         3
 Swiftness                Air            0%         N/A       83%         3
 Airstrike                Air            0%         N/A       99%         4
 Flame Wave               Conj/Fire      0%         2d4       99%         4
 Fulminant Prism          Conj/Hex       0%         3d6       99%         4
 Irradiate                Conj/Tmut      0%         3d13      100%        5
 Summon Hydra             Summ           0%         N/A       100%        7


Dungeon Overview and Level Annotations

Branches:
Dungeon (7/15)             Temple (1/1) D:5

Altars:
Ashenzari
Dithmenos
Hepliaklqana
Trog
Uskayaw

Shops:
D:4 *   D:10 [


Innate Abilities, Weirdness & Mutations

You have a pair of horns on your head.
You reflexively headbutt those who attack you in melee.


Message History

The yak is severely wounded.
You hit the yak.
You hit the orc warrior but do no damage.
You slash the orc!
You kill the orc!
Trog accepts your kill.
You hit the yak but do no damage. You block the orc warrior's attack.
You block the yak's attack. The yak barely misses you. You furiously retaliate!
You headbutt the yak.
You kill the yak!
Trog accepts your kill. The yak misses you. You furiously retaliate!
You headbutt the yak!
Your Armour skill increases to level 8!
You feel better. The yak completely misses you. The yak barely misses you.
A yak comes into view.
The yak misses you. You furiously retaliate!
You headbutt the yak, but do no damage. The orc hits you but does no damage.
The yak closely misses you. You furiously retaliate!
You headbutt the yak, but do no damage. You slash the yak!
You kill the yak!
Trog accepts your kill.
You hit the orc but do no damage. You closely miss the orc warrior.
You hit the orc. You hit the yak but do no damage.
Your skin stops crawling.
You feel less strong-willed. The orc warrior misses you. The yak gores you!
* * * LOW HITPOINT WARNING * * *
The orc hits you with a +0 club.
* * * LOW HITPOINT WARNING * * *
The orc misses you.
You hit the yak but do no damage.
The yak is lightly wounded.
You hit the orc but do no damage. You completely miss the orc warrior.
You closely miss the orc. You slash the orc!
You kill the orc!
Trog accepts your kill.
The orc warrior hits you with a +0 mace!
* * * LOW HITPOINT WARNING * * *
The yak gores you!
You die...

....# ......
.....####.......
......#.#........
..#.>Y...........
#............#..
#..............
#....)Yoo......
#....#@o)...#
#....#)o#.....
#.....).# ...
##......# .
#..........
#....∩........
#..............
#..........##.#
##.......### #


You could see 2 yaks, an orc warrior and 3 orcs.

Vanquished Creatures
  A two-headed ogre (D:10)
  Pikel (D:6)
  2 shadows
  A vampire (D:10)
  7 yaks
  An acid dragon (D:10)
  A water moccasin (D:6)
  An orc warrior (D:6)
  3 sky beasts (D:7)
  4 ice beasts
  5 black bears
  2 centaurs (D:5)
  A lemure (D:6)
  The ghost of zeratav the Digger, an amateur OpEE of Elyvilon (D:3)
  2 kobold brigands
  6 bullfrogs
  2 necrophages
  2 scorpions
  A wyvern skeleton (D:3)
  An electric eel (D:7)
  A centaur zombie (D:3)
  5 jellies
  5 hounds
  3 orc priests
  A bullfrog skeleton (D:3)
  9 orc wizards
  4 adders
  3 shadow imps
  3 white imps
  An ufetubus (D:5)
  2 worms
  35 orcs
  5 ball pythons
  4 bats
  6 endoplasms
  3 giant cockroaches
  3 goblins
  4 hobgoblins
  2 jackals (D:2)
  5 quokkas
  4 frilled lizards
  6 kobolds
  8 rats (D:1)
167 creatures vanquished.

Vanquished Creatures (others)
  6 fungi (D:10)
  11 plants
17 creatures vanquished.

Grand Total: 184 creatures vanquished

Notes
Turn   | Place    | Note
-------+----------+-------------------------------------------
     0 | D:1      | sammy202020 the Minotaur Fighter began the quest for the
                  | Orb.
     0 | D:1      | Reached XP level 1. HP: 19/19 MP: 0/0
   141 | D:1      | Reached XP level 2. HP: 27/27 MP: 1/1
   543 | D:1      | Found a faded altar of an unknown god.
   564 | D:1      | Got the Grimoire of Fiery Transmutation
   990 | D:2      | Reached XP level 3. HP: 33/33 MP: 2/2
  1417 | D:2      | Reached skill level 1 in Dodging
  1875 | D:3      | Noticed a scorpion
  1876 | D:3      | Found a broken altar of Ashenzari.
  1878 | D:3      | Killed a scorpion
  1879 | D:3      | Reached XP level 4. HP: 34/41 MP: 3/3
  2100 | D:3      | Found a transporter.
  2132 | D:3      | Found a transporter.
  2134 | D:3      | Noticed zeratav's ghost (amateur OpEE)
  2177 | D:3      | Reached XP level 5. HP: 47/47 MP: 4/4
  2412 | D:3      | Reached skill level 5 in Fighting
  2413 | D:3      | Killed zeratav's ghost
  2414 | D:3      | Reached XP level 6. HP: 39/56 MP: 5/5
  2667 | D:4      | Reached skill level 5 in Axes
  3128 | D:4      | Found Imofyoqu's Assorted Antiques.
  3135 | D:4      | Bought a translucent hand axe for 144 gold pieces
  3135 | D:4      | Identified the +5 hand axe "Woluitsu" {freeze, rF- Will-
                  | Int+9 Dex+3} (You bought it in a shop on level 4 of the
                  | Dungeon)
  3190 | D:4      | Reached XP level 7. HP: 62/62 MP: 6/6
  3466 | D:5      | Entered Level 5 of the Dungeon
  3482 | D:5      | Found a staircase to the Ecumenical Temple.
  3494 | Temple   | Entered the Ecumenical Temple
  3500 | Temple   | Reached skill level 5 in Shields
  3523 | Temple   | Became a worshipper of Trog the Wrathful
  3557 | D:5      | Reached skill level 5 in Armour
  3937 | D:5      | Reached XP level 8. HP: 73/73 MP: 7/7
  4331 | D:6      | HP: 2/109 [orc warrior/+0 long sword (8)]
  4463 | D:6      | HP: 1/74 [yak (6)]
  4475 | D:6      | Reached XP level 9. HP: 50/82 MP: 8/8
  4695 | D:6      | Reached * piety under Trog
  4829 | D:6      | Noticed Pikel
  4838 | D:6      | Killed Pikel
  4839 | D:6      | Reached skill level 5 in Dodging
  4996 | D:6      | HP: 6/127 [poisoned by an orc wizard]
  4997 | D:6      | HP: 2/85 [poisoned by an orc wizard]
  5187 | D:6      | Identified the +5 robe of the Distant Future {rF++ Dex+2}
  5615 | D:7      | Reached XP level 10. HP: 27/93 MP: 9/9
  5617 | D:7      | Reached skill level 10 in Fighting
  5719 | D:7      | Reached ** piety under Trog
  5983 | D:7      | You fall into a shaft and drop 3 floors!
  5983 | D:10     | Entered Level 10 of the Dungeon
  5983 | D:10     | Noticed a two-headed ogre
  5983 | D:10     | Found Butzuc's Armour Boutique.
  5993 | D:10     | Killed a two-headed ogre
  5994 | D:10     | Reached skill level 10 in Axes
  6012 | D:10     | Mangled by a yak

Illustrated notes

Levels and vault maps discovered:
D:1:      dpeg_arrival_ratfight, layout_basic, nicolae_ecumenical_lake_church
D:2:      layout_basic, minmay_hedge_maze, ebering_dispersal_statue_hall
D:3:      layout_rooms, ashenzari_altar_1, gammafunk_ghost_mausoleum,
          nicolae_concentric_dashed_squares_mild
D:4:      layout_basic, serial_shops, shop, serial_corexii_hall,
          chequers_hall_statues_y, corexii_hall_statues_u,
          corexii_hall_statues_x, chequers_hall_statues_y,
          chequers_hall_statues_y, corexii_hall_statues_i
D:5:      nicolae_cairo_tiling_very_big, layout_cave_pods,
          minmay_temple_entry_wispy
D:6:      layout_cave_pods, grunt_potential, uniq_pikel
D:7:      layout_cave_pools, serial_bayou_pond_b, kennysheep_nub
D:10:     erik_rubicon_a, layout_cave_pools, grunt_lair_entry_orc_guard_hut,
          hiddenorc1_lemuel, serial_shops, shop
Temple:   mainiacjoe_temple_circle_huts

Skill      XL: |  1  2  3  4  5  6  7  8  9 10 |
---------------+-------------------------------+-----
Fighting       | 4 5 7 8 9 10 | 10.7
Axes           | 3 4 5 6 8 9 10 | 10.4
Dodging        | 1 2 3 4 5 6 |  6.3
Armour         | 4 5 6 7 8 |  8.0
Shields        | 4 5 6 7 8 |  8.1

Action                   |  1- 3 |  4- 6 |  7- 9 | 10-12 || total
-------------------------+-------+-------+-------+-------++-------
Melee: War axe           |    72 |    75 |   176 |    65 ||   388
       Headbutt          |     6 |     7 |    42 |    17 ||    72
Invok: Berserk           |       |       |     1 |     1 ||     2
       Trog's Hand       |       |       |       |     1 ||     1
  Use: Scroll            |     5 |     7 |     4 |       ||    16
       Potion            |       |     1 |     5 |     2 ||     8
 Stab: Sleeping          |       |       |       |     1 ||     1
Armor: Scale mail        |    32 |       |       |       ||    32
       Chain mail        |     2 |    66 |   150 |       ||   218
       Robe              |       |       |     5 |    22 ||    27
Dodge: Dodged            |    30 |    41 |   102 |    31 ||   204
Block: Buckler           |    17 |    25 |    63 |    22 ||   127

Table legend: (Time is in decaauts)
 A = Elapsed time spent in this place.
 B = Non-inter-level travel time spent in this place.
 C = Inter-level travel time spent in this place.
 D = Time resting spent in this place.
 E = Time spent auto-exploring this place.
 F = Levels seen in this place.
 G = Mean time per level.
                   A        B        C        D        E       F      G
               +--------+--------+--------+--------+--------+-----+--------+
         Total |   6109 |   5991 |    118 |    161 |   4486 |   9 |  678.8 |
       Dungeon |   6064 |   5951 |    113 |    161 |   4474 |   8 |  758.0 |
        Temple |     45 |     40 |      5 |      0 |     12 |   1 |   45.0 |
               +--------+--------+--------+--------+--------+-----+--------+

Top non-repeatable levels by time:
     D:6: 1315 daAuts
     D:2: 961 daAuts
     D:4: 957 daAuts
     D:1: 937 daAuts
     D:5: 806 daAuts
     D:3: 665 daAuts
     D:7: 395 daAuts
  Temple: 45 daAuts
    D:10: 24 daAuts
